Map: Dusk Towers

Players

Trizztein - Winner!

  • Race: Terran Terran
  • League: Platinum

Mood

  • Race: Terran Terran
  • League: Platinum

VOD

Have the link to the VOD?

Description

Time

  • Played on: May 25, 2016, 3:11 p.m.
  • Length: 37:16
Show
View Real Time Build Order
Export as new Build Order

Trizztein Terran - Winner!

Build Orders: MMM Bio 

Get SALT Encoding   

  12  0:00  SCV  
  13  0:13  SCV  
  14  0:22  Supply Depot  
  14  0:25  SCV  
  15  0:43  SCV  
  15  0:45  Barracks  
  15  0:48  Refinery  
  16  0:55  SCV  
  17  1:08  SCV  
  18  1:20  SCV  
  19  1:32  Reaper, Orbital Command  
  20  1:41  Command Center  
  20  1:50  Supply Depot  
  20  1:58  SCV  
  21  2:04  Marine  
  22  2:10  SCV  
  22  2:11  Factory  
  23  2:17  Refinery  
  23  2:26  SCV  
  23  2:28  Barracks Reactor  
  24  2:38  SCV  
  24  3:03  Hellion  
  24  3:04  Marine x2  
  26  3:22  Orbital Command  
  26  3:23  Starport  
  24  3:30  Marine x2  
  26  3:43  SCV  
  26  3:47  Widow Mine  
  29  3:54  Command Center  
  29  3:55  SCV  
  30  4:07  Medivac, SCV  
  32  4:11  SCV  
  33  4:19  SCV  
  33  4:20  Barracks  
  33  4:22  Barracks  
  33  4:23  SCV  
  35  4:26  Factory Tech Lab  
  35  4:27  Marine x2  
  38  4:31  SCV  
  38  4:35  SCV  
  38  4:37  Engineering Bay  
  38  4:38  Engineering Bay  
  39  4:43  SCV  
  40  4:47  SCV  
  40  4:51  Siege Tank  
  44  4:55  SCV  
  44  4:56  Marine  
  46  5:05  Marine  
  46  5:06  SCV, Orbital Command  
  48  5:09  Refinery  
  48  5:10  Refinery, SCV  
  48  5:13  Barracks Tech Lab  
  48  5:14  Barracks Reactor  
  49  5:32  SCV x3  
  52  5:44  SCV x2  
  54  5:51  Terran Infantry Weapons Level 1, Terran Infantry Armor Level 1  
  54  5:53  Stimpack  
  52  6:05  Orbital Command  
  52  6:06  SCV x2  
  52  6:09  Starport Reactor  
  55  6:14  Marine x2, Siege Tank  
  55  6:15  Marine  
  55  6:16  Marine  
  61  6:30  Supply Depot  
  61  6:31  Supply Depot  
  61  6:32  Supply Depot  
  60  6:33  SCV  
  60  6:37  SCV  
  60  6:38  Marine  
  61  6:51  Marine x4  
  61  6:52  SCV x3  
  61  6:53  Siege Tank  
  71  6:56  Marine  
  71  6:58  Medivac  
  71  6:59  Medivac  
  76  7:04  SCV x3  
  76  7:07  Supply Depot  
  79  7:09  Marine x2  
  79  7:13  Supply Depot  
  79  7:14  Supply Depot  
  81  7:15  Marine  
  81  7:16  Marine x2, SCV  
  85  7:24  Barracks  
  85  7:26  Barracks  
  85  7:28  Marine x2  
  85  7:29  Missile Turret, SCV x3  
  90  7:41  SCV x3  
  93  7:46  Marine x4  
  93  7:51  Missile Turret  
  97  7:52  Missile Turret  
  97  7:53  SCV  
  97  7:54  Combat Shields  
  97  7:57  SCV x2  
  97  7:58  Marine  
  101  7:59  Missile Turret  
  101  8:04  Marine x2  
  103  8:05  Marine x2  
  103  8:06  Armory  
  105  8:16  Marine  
  106  8:22  Marine  
  106  8:25  Medivac  
  109  8:29  Barracks Tech Lab, Barracks Reactor  
  109  8:31  Barracks Reactor  
  109  8:38  Barracks  
  109  8:39  Refinery x2, Factory  
  109  8:42  Barracks  
  109  8:53  Sensor Tower  
  109  9:04  Supply Depot  
  109  9:07  Supply Depot, SCV  
  109  9:08  Supply Depot  
  109  9:25  Terran Infantry Weapons Level 2, Medivac, Terran Infantry Armor Level 2, Siege Tank, SCV x3  
  109  9:27  Terran Vehicle Weapons Level 1  
  109  9:28  Marine x5, Medivac  
  109  9:30  Barracks Reactor  
  124  9:31  Factory Tech Lab, Barracks Reactor  
  124  9:35  Marine x4  
  124  9:37  SCV x2  
  130  9:41  Supply Depot  
  130  9:43  Supply Depot  
  130  9:45  Supply Depot  
  130  9:46  Marine x3  
  130  9:50  Command Center  
  133  10:02  Marine x4, Siege Tank, SCV  
  141  10:10  Medivac x2  
  145  10:15  Siege Tank  
  145  10:18  Marine x3  
  145  10:19  Marine x6  
  157  10:23  Supply Depot  
  157  10:28  Marine  
  157  10:29  Supply Depot  
  157  10:30  Supply Depot  
  157  10:45  Marine x8  
  165  10:50  Marine x2, Siege Tank  
  170  11:02  Siege Tank  
  170  11:03  Medivac x2  
  177  11:04  Marine x6  
  177  11:05  Marine x5  
  177  11:08  Marine x2  
  190  11:19  Missile Turret  
  190  11:20  Missile Turret  
  190  11:21  Supply Depot  
  190  11:22  Missile Turret, Siege Tank  
  188  11:35  Marine x8  
  196  11:42  Marine x4  
  196  11:43  Marine, Planetary Fortress  
  199  11:53  Marine  
  200  12:00  Refinery, Sensor Tower  
  200  12:04  Sensor Tower  
  200  12:05  Refinery  
  200  12:11  Terran Infantry Armor Level 3, Terran Infantry Weapons Level 3  
  200  12:13  Terran Vehicle Weapons Level 2  
  195  13:26  Marine x4  
  198  13:30  Marine x3  
  179  14:03  Marine x8  
  179  14:04  Marine  
  179  14:05  Marine x3  
  179  14:06  Marine  
  179  14:07  Medivac x2  
  179  14:09  Siege Tank  
  199  14:12  Command Center  
  199  14:21  Marine  
  200  15:15  Command Center  
  180  15:32  Marine x4  
  176  15:37  Siege Tank x2  
  176  15:39  Medivac x2  
  177  16:09  Medivac, Siege Tank x2  
  177  16:11  Marine x8  
  177  16:12  Marine x4  
  170  16:40  Marine x5  
  170  16:41  Marine x6  
  170  16:42  Hellion x2  
  175  16:50  Marine x2  
  175  16:52  Medivac x2  
  180  16:58  Marine x6  
  186  17:01  Marine x5  
  186  17:03  Hellion x2  
  186  17:07  Marine  
  186  17:08  Marine  
  197  17:16  Marine x3  
  200  17:43  Planetary Fortress  
  200  17:53  Refinery  
  200  18:06  Starport  
  200  18:08  Starport  
  200  18:09  Starport x2  
  200  18:14  Terran Ship Weapons Level 1  
  200  18:43  Planetary Fortress  
  200  18:46  Refinery  
  200  18:52  Starport Reactor x3  
  200  18:53  Starport Reactor  
  200  18:54  Starport Tech Lab  
  200  19:16  Liberator  
  170  19:19  Marine x5  
  170  19:20  Marine x8  
  122  19:28  Refinery  
  91  19:32  Refinery  
  91  19:34  Viking x4  
  91  19:35  Medivac x2, Viking  
  91  19:36  Siege Tank  
  91  19:37  Marine x6, Siege Tank  
  91  19:38  Marine x7  
  124  19:55  Marine x9  
  124  19:56  Marine x4  
  124  19:58  Medivac  
  139  20:04  Medivac  
  141  20:08  Siege Tank  
  141  20:09  Siege Tank  
  141  20:13  Marine x9  
  150  20:15  Marine x4  
  154  20:31  Marine x3  
  157  20:40  Siege Tank  
  157  20:41  Siege Tank  
  136  20:53  Marine x4  
  136  20:54  Marine x5  
  136  20:55  Marine x4  
  144  21:10  Medivac x2  
  144  21:11  Marine x6, Medivac  
  150  21:13  Siege Tank x2  
  162  21:26  Marine x6  
  162  21:27  Marine  
  162  21:29  Marine x3  
  172  21:38  Medivac x3  
  178  21:45  Siege Tank  
  181  21:50  Medivac  
  182  22:05  Marine x7  
  182  22:06  Marine x6  
  195  22:16  Siege Tank  
  195  22:17  Medivac  
  163  22:46  Marine x6  
  163  22:47  Marine x7  
  176  23:04  Marine x10  
  176  23:05  Marine x3  
  184  23:22  Marine x11  
  184  23:23  Marine x2  
  197  23:32  Siege Tank  
  195  23:54  Marine x3  
  195  23:55  Marine x2  
  200  24:15  Terran Vehicle Weapons Level 3  
  200  24:54  Sensor Tower  
  200  24:56  Sensor Tower  
  199  25:26  Marine  
  200  25:34  Marine x4  
  192  25:38  Marine x2  
  192  25:39  Marine x2, Siege Tank  
  199  26:07  Marine  
  200  26:47  Command Center  
  199  27:00  Marine x2  
  199  27:12  Marine x3  
  121  27:45  Marine x9  
  121  27:46  Marine x3  
  121  27:48  Marine  
  126  28:02  Marine x2  
  126  28:03  Marine x7  
  126  28:04  Marine x2  
  137  28:06  Liberator  
  137  28:07  Liberator  
  137  28:09  Marine x2  
  137  28:11  Planetary Fortress  
  139  28:20  Marine x4  
  139  28:21  Marine x5, Medivac  
  139  28:22  Marine x2, Medivac x3  
  139  28:25  Siege Tank  
  139  28:26  Siege Tank  
  170  28:27  Marine x2  
  172  28:38  Marine x5  
  177  28:46  Marine x3  
  180  28:56  Marine x6  
  180  28:57  Marine  
  180  28:58  Siege Tank x2  
  190  29:02  Marine  
  190  29:03  Marine x2  
  193  29:30  Siege Tank x2  
  199  29:32  Marine  
  194  30:27  Marine x7  
  194  30:28  Marine x3  
  108  30:36  Marine x3  
  107  30:45  Marine x8  
  107  30:49  Marine x2  
  110  30:51  Siege Tank x2  
  110  30:54  Marine x2  
  110  31:00  Marine  
  110  31:03  Marine x8  
  117  31:06  Viking x2  
  117  31:07  Marine x2, Medivac x2  
  126  31:11  Marine  
  126  31:12  Marine, Viking x2  
  126  31:13  Viking  
  134  31:19  Marine  
  134  31:20  Marine x2  
  134  31:21  Marine  
  134  31:23  Marine x3, Siege Tank x2  
  134  31:24  Marine x2  
  134  31:25  Marine x2  
  151  31:29  Marine x2  
  153  31:37  Marine  
  153  31:38  Marine x3  
  157  31:41  Marine x4  
  157  31:42  Marine x3  
  157  31:44  Viking x2  
  157  31:45  Medivac x3  
  171  31:55  Siege Tank x2  
  174  32:12  Terran Vehicle And Ship Armor Level 1  
  171  32:19  Marine  
  171  32:20  Marine x3  
  175  32:37  Marine x6  
  175  32:42  Marine x7  
  185  32:55  Marine  
  137  32:59  Marine x5  
  137  33:00  Marine x7  
  137  33:01  Siege Tank x2  
  106  33:12  Marine  
  100  33:17  Marine x7  
  100  33:18  Marine x5  
  84  33:20  Medivac x2  
  86  33:30  Marine  
  86  33:33  Siege Tank  
  90  33:34  Marine  
  90  33:35  Marine x7  
  90  33:38  Marine  
  90  33:40  Siege Tank  
  90  33:41  Marine x3  
  105  33:53  Marine x5  
  91  34:04  Marine x5  
  91  34:05  Siege Tank  
  99  34:13  Marine x3, Orbital Command  
  102  34:32  Marine  
  102  34:33  Marine x5  
  108  34:50  Marine x4  
  112  34:54  Marine x2  
  112  34:55  Marine  
  115  35:11  Marine x4  
  115  35:12  Marine  
  120  35:29  Marine  
  120  35:30  Marine x4  
  119  35:44  Marine x2  
  119  35:45  Marine x3  
  124  36:05  Marine x6, Orbital Command  
  130  36:14  Marine x2  
  132  36:42  Medivac x3  
  132  36:43  Medivac x3  
Show
View Real Time Build Order
Export as new Build Order

Mood Terran 

Build Orders: Reaper Expand, MMM Bio 

Get SALT Encoding   

  12  0:10  SCV  
  13  0:22  SCV  
  13  0:26  Supply Depot  
  14  0:34  SCV  
  15  0:35  Refinery  
  15  0:48  Barracks  
  15  0:51  SCV  
  16  1:04  SCV  
  17  1:16  SCV  
  18  1:35  Reaper, Orbital Command  
  18  1:36  Supply Depot  
  19  2:03  SCV  
  19  2:07  Command Center  
  20  2:08  Marine  
  20  2:15  SCV  
  22  2:17  Factory  
  22  2:26  Marine  
  22  2:27  SCV  
  24  2:41  SCV  
  24  2:44  Marine  
  25  2:53  SCV  
  26  3:02  Marine  
  26  3:05  SCV  
  28  3:17  SCV  
  29  3:20  Orbital Command  
  29  3:22  Factory Tech Lab  
  29  3:29  SCV  
  27  3:41  SCV  
  27  3:44  Marine  
  27  3:47  Starport  
  28  3:50  SCV  
  28  3:53  SCV  
  28  3:54  Refinery  
  30  4:01  Marine  
  30  4:02  SCV  
  32  4:05  SCV  
  33  4:14  SCV  
  33  4:15  Siege Tank  
  37  4:18  SCV  
  37  4:19  Marine  
  39  4:26  SCV  
  39  4:28  Starport Reactor  
  39  4:30  SCV  
  41  4:31  Barracks  
  41  4:37  Refinery  
  41  4:38  Refinery, Barracks Reactor, SCV  
  41  4:42  SCV  
  43  4:46  Engineering Bay  
  43  4:49  Siege Tank  
  46  4:55  Supply Depot  
  46  4:56  Supply Depot  
  46  5:01  SCV x2  
  48  5:12  Engineering Bay  
  48  5:13  SCV x2  
  50  5:15  Marine x2  
  50  5:17  Medivac  
  50  5:19  Supply Depot  
  54  5:24  Barracks Tech Lab  
  54  5:25  SCV x2  
  56  5:37  SCV x2  
  57  5:51  Marine x2  
  57  5:52  Marauder  
  60  6:07  SCV x2  
  62  6:15  Marine x2  
  62  6:18  Terran Infantry Weapons Level 1  
  64  6:19  Terran Infantry Armor Level 1  
  64  6:26  Stimpack  
  64  6:27  Marine  
  65  6:42  Viking x2  
  65  6:45  Marauder  
  71  6:48  Marine x2  
  73  7:05  Command Center  
  73  7:07  Barracks  
  73  7:09  Barracks  
  73  7:17  SCV x2  
  73  7:22  Missile Turret  
  75  7:32  Marine x2  
  75  7:35  Missile Turret  
  75  7:36  Medivac  
  75  7:37  Medivac  
  81  7:39  Marine  
  81  7:41  Siege Tank  
  85  7:50  Marine  
  86  7:57  Barracks Reactor x2  
  86  8:00  Missile Turret  
  86  8:04  Command Center  
  86  8:16  Marine x2, Marauder  
  86  8:17  Missile Turret  
  86  8:19  Missile Turret  
  90  8:20  Supply Depot x2  
  90  8:21  Supply Depot  
  90  8:26  Orbital Command  
  90  8:31  Armory  
  90  8:34  Marine x2  
  90  8:36  Marine x3  
  90  8:37  Marine  
  90  8:38  Marauder  
  90  8:40  Medivac x2, Siege Tank  
  105  8:45  Missile Turret  
  105  8:47  Missile Turret  
  105  8:51  Marine x2  
  105  8:52  Missile Turret  
  107  9:02  Marine x2  
  109  9:07  Marine x2  
  111  9:13  Marine x2  
  111  9:14  Combat Shields, Orbital Command  
  111  9:16  Siege Tank  
  116  9:17  Medivac x2  
  116  9:19  Terran Infantry Weapons Level 2  
  116  9:22  Terran Infantry Armor Level 2  
  120  9:33  Orbital Command  
  120  9:40  SCV x2  
  120  9:42  Marine x2, SCV  
  125  9:47  Marine x3  
  125  9:52  SCV x2  
  130  9:54  SCV  
  130  9:57  Marine x2  
  130  9:58  SCV  
  134  10:03  Terran Vehicle Weapons Level 1  
  134  10:06  SCV x2  
  136  10:08  Refinery  
  136  10:10  Marine x2  
  136  10:11  Marine, Refinery  
  136  10:14  SCV x2  
  141  10:15  Marauder  
  143  10:24  Supply Depot x2  
  143  10:25  SCV x2  
  143  10:26  SCV  
  143  10:27  Supply Depot  
  146  10:29  Marine x5  
  146  10:31  SCV  
  146  10:35  Marine  
  152  10:37  SCV  
  152  10:38  SCV x2  
  156  10:45  Siege Tank  
  156  10:46  Marauder  
  163  10:56  SCV  
  163  10:57  SCV  
  163  10:58  SCV  
  163  11:00  Marine, SCV  
  163  11:01  Marine x5  
  171  11:04  Medivac x2  
  171  11:07  Marine  
  171  11:09  SCV  
  177  11:14  SCV  
  177  11:15  SCV x2  
  177  11:18  Marine, Siege Tank  
  183  11:19  Reaper  
  183  11:21  Marine x4, SCV  
  190  11:26  Marauder  
  190  11:27  SCV x2  
  192  11:34  Medivac x2  
  192  11:36  Marine  
  192  11:39  Marine x4  
  196  11:47  Marine, Terran Infantry Armor Level 3, Terran Infantry Weapons Level 3  
  196  11:50  Marine  
  196  11:52  SCV  
  196  11:53  SCV  
  200  11:57  Terran Vehicle Weapons Level 2  
  200  12:05  Refinery  
  200  12:08  Refinery  
  200  12:22  Marine  
  200  13:12  Command Center  
  197  13:16  Marine x3  
  197  13:19  Liberator x2  
  169  13:23  SCV x4  
  169  13:25  Marine x2  
  175  13:35  Siege Tank, SCV x4  
  175  13:39  Marine  
  188  14:00  SCV  
  188  14:01  Liberator  
  188  14:02  Liberator  
  190  14:09  SCV  
  190  14:13  Marine x4  
  194  14:19  Terran Ship Weapons Level 1  
  200  14:24  Planetary Fortress  
  200  14:44  Liberator  
  196  15:06  SCV  
  165  15:32  Marine x2  
  165  15:33  Marine x5  
  167  15:50  Marine x4  
  167  15:51  Marine x3  
  167  15:53  Liberator x2  
  174  16:08  Marine x5  
  174  16:09  Marine x2  
  166  16:15  Command Center  
  165  16:26  Marine x3  
  165  16:29  Marine x2  
  165  16:30  Marine x2  
  159  16:35  Liberator  
  159  16:36  Liberator  
  150  16:43  Marine  
  150  16:44  Marine x2  
  118  16:47  Marine x4  
  126  16:56  Siege Tank  
  129  17:01  Marine x2  
  129  17:02  Marine  
  129  17:05  Marine x4  
  136  17:19  Marine x3  
  136  17:22  Liberator x2  
  139  17:23  Marine x4  
  139  17:25  Barracks x2  
  139  17:26  Barracks  
  139  17:28  Siege Tank  
  150  17:37  Marine x3  
  150  17:40  Marine  
  150  17:41  Marine x3  
  159  17:46  Orbital Command  
  159  17:48  Command Center  
  159  17:50  SCV x2  
  161  17:52  SCV x2  
  161  17:55  Marine x3  
  166  17:58  Marine x2  
  166  17:59  Marine x2, Terran Vehicle Weapons Level 3  
  166  18:00  Siege Tank  
  166  18:02  SCV x2  
  166  18:05  Liberator  
  176  18:13  Marine x3  
  176  18:16  Marine x3, SCV  
  176  18:17  Marine  
  183  18:21  SCV  
  187  18:28  SCV  
  187  18:30  Marine  
  187  18:31  Marine x2  
  187  18:33  SCV  
  192  18:34  Marine x4  
  192  18:35  Siege Tank  
  199  18:45  SCV  
  133  19:57  Marine  
  133  19:58  Marine x6  
  129  20:15  Marine x2  
  129  20:16  Marine x4  
  129  20:17  SCV  
  136  20:25  Marine  
  136  20:26  Command Center  
  137  20:29  SCV  
  137  20:32  Medivac x2, Siege Tank  
  137  20:33  Marine x3, SCV x2  
  137  20:34  Marine x3, SCV x2  
  155  20:41  SCV  
  144  20:45  SCV  
  144  20:46  SCV x3  
  144  20:48  Marine  
  117  20:51  Marine x5  
  117  20:52  Marine  
  117  20:53  SCV  
  102  20:58  SCV x2  
  107  21:04  Siege Tank  
  107  21:06  Marine, Medivac x2  
  107  21:09  Marine x6  
  118  21:12  Marine, Barracks Reactor  
  118  21:13  Marine  
  120  21:19  Terran Ship Weapons Level 2  
  120  21:23  Marine  
  121  21:27  Marine x6  
  121  21:30  Marine x2  
  129  21:36  Medivac x2, Siege Tank  
  136  21:41  Marine  
  136  21:42  Planetary Fortress  
  136  21:44  Marine x2  
  136  21:45  Marine x4  
  143  21:48  Marine x2  
  143  21:49  Marine x2  
  143  21:50  Orbital Command  
  143  21:52  Command Center  
  147  21:59  Marine  
  148  22:02  Refinery, Marine x3  
  148  22:03  Marine x3, Refinery  
  148  22:06  Marine x2, Medivac x2  
  148  22:07  Marine x2  
  148  22:08  Siege Tank  
  165  22:10  Refinery  
  165  22:11  Refinery  
  165  22:17  Marine  
  165  22:20  Marine x4  
  165  22:21  Marine x2  
  172  22:24  Marine x2  
  172  22:25  Marine x2  
  176  22:35  Marine  
  176  22:36  Medivac  
  167  22:38  Marine x5  
  167  22:39  Marine  
  167  22:40  Siege Tank  
  167  22:42  Marine x2  
  167  22:43  Marine x2  
  168  22:51  SCV  
  169  22:52  Marine  
  169  22:56  Marine x6  
  169  22:58  Medivac  
  178  22:59  Marine x2  
  178  23:01  Marine x2  
  178  23:03  SCV  
  183  23:05  Medivac, Planetary Fortress  
  183  23:06  SCV  
  183  23:07  SCV x2  
  183  23:10  Marine  
  183  23:12  Siege Tank  
  192  23:13  Marine  
  192  23:14  Marine x5  
  192  23:15  SCV  
  192  23:17  Marine x2  
  192  23:18  Marine  
  192  23:19  Marine  
  169  23:27  SCV x2  
  169  23:28  Medivac  
  169  23:29  Marauder  
  169  23:31  Marine x2  
  169  23:32  Marine x4  
  181  23:35  Marine x2, Medivac  
  181  23:36  Marine  
  181  23:37  Marine  
  186  23:44  Siege Tank  
  161  23:49  Marine x4  
  161  23:51  Marine x3  
  161  23:53  Marine x2  
  161  23:54  Marine  
  161  23:55  Marine  
  151  24:07  Marine x4  
  151  24:09  Marine x3, Medivac  
  160  24:11  Marine x2  
  160  24:12  Marine  
  160  24:13  Marine  
  160  24:16  Siege Tank  
  167  24:20  SCV  
  168  24:25  Marine x4  
  168  24:27  Marine x3, Liberator x2  
  168  24:28  Marine x2  
  168  24:30  Marine  
  168  24:31  Marine  
  179  24:32  SCV  
  179  24:42  Marine  
  179  24:43  Marine x3  
  179  24:44  Marine x2, SCV  
  179  24:45  Marine  
  193  24:46  Marine x2  
  193  24:47  Marine  
  193  24:48  Marine, Siege Tank  
  200  25:00  Marine  
  200  25:09  Liberator  
  200  25:10  Liberator  
  174  25:52  Liberator x2  
  174  25:58  Marine x5  
  174  25:59  Marine x4  
  174  26:03  SCV x3  
  186  26:06  SCV  
  186  26:11  Marine x2  
  194  26:15  SCV x2  
  194  26:18  Command Center  
  196  26:35  Liberator x2  
  110  27:46  Marine x8  
  110  27:47  Marine  
  88  27:52  Marine  
  88  27:54  Marine  
  80  28:03  Marine x2  
  80  28:04  Marine x5  
  81  28:09  Marine  
  81  28:10  Marine x2  
  81  28:12  Marine  
  84  28:13  Medivac x2, Siege Tank  
  92  28:21  Marine x3  
  92  28:22  Marine x4  
  96  28:27  Marine x2  
  96  28:28  Marine  
  96  28:30  Marine  
  96  28:31  Planetary Fortress  
  100  28:39  Marine x5  
  100  28:40  Marine x2  
  105  28:43  Medivac x2  
  105  28:45  Marine x2, Siege Tank  
  105  28:46  Marine  
  105  28:48  Marine  
  112  28:57  Marine x6  
  112  28:58  Marine  
  119  29:03  Marine x2  
  119  29:04  Marine  
  119  29:06  Marine  
  119  29:09  SCV  
  125  29:13  Medivac x2  
  125  29:15  Marine x7  
  135  29:17  Siege Tank  
  135  29:21  Marine x3  
  135  29:24  Marine  
  142  29:32  Marine, Command Center  
  142  29:33  Marine x4  
  142  29:34  Marine  
  142  29:35  Marine  
  149  29:38  Marine  
  149  29:39  Marine x2  
  149  29:41  Marine  
  149  29:43  Medivac x2  
  157  29:49  Siege Tank, Orbital Command  
  157  29:50  Marine x3  
  157  29:51  Marine x3  
  157  29:52  Marine  
  166  29:56  Marine x2  
  166  29:57  Marine  
  166  29:59  Marine  
  171  30:08  Marine x4  
  171  30:09  Marine  
  176  30:21  Siege Tank  
  143  30:29  Marine x2  
  143  30:30  Marine  
  121  30:56  Marine x2  
  115  31:02  Marine  
  115  31:03  Marine x3  
  115  31:08  Marine  
  115  31:10  Marine x4  
  117  31:13  Marine  
  117  31:14  Marine  
  115  31:20  Marine x2  
  115  31:23  SCV x3  
  115  31:25  Orbital Command  
  120  31:28  Marine x2  
  120  31:29  Marine x5  
  120  31:31  Marine x2  
  129  31:35  SCV  
  129  31:38  Marine x2  
  132  31:46  Marine x3  
  132  31:47  Marine x4  
  139  32:04  Marine  
  140  32:12  Marine  
  140  32:13  Marine x9  
  150  32:21  Marine  
  144  32:30  Marine x2  
  144  32:31  Marine x7  
  144  32:34  SCV x2  
  154  32:44  Marine x2  
  154  32:48  Marine x4  
  160  32:57  Command Center  
  96  33:21  Marine x4  
  96  33:24  Marine x7  
  107  33:39  Marine x4  
  111  33:41  Marine  
  111  33:42  Marine x4  
  111  33:46  Marine x2  
  85  33:57  Marine x4  
  85  33:59  Marine x2  
  85  34:01  Marine x3  
  74  34:04  Marine x2  
  76  34:14  Marine  
  76  34:15  Marine x3  
  80  34:17  Marine x2  
  80  34:19  Marine x3  
  80  34:22  Marine x2  
  87  34:32  Marine x2  
  87  34:33  Marine x2  
  87  34:35  Marine x2  
  87  34:37  Marine x3  
  96  34:40  Marine x2  
  98  34:50  Marine x2  
  98  34:51  Marine x2  
  102  34:53  Marine x2  
  102  34:55  Marine x3  
  102  34:57  Marine  
  102  34:58  Marine  
  106  35:08  Marine x4  
  106  35:10  Marine  
  106  35:11  Marine  
  106  35:12  Marine  
  106  35:13  Marine x2  
  103  35:15  Marine x2  
  98  35:26  Marine x4  
  102  35:28  Marine x2  
  102  35:30  Marine x3  
  102  35:33  Marine x2  
  69  35:43  Marine  
  69  35:44  Marine x3  
  69  35:46  Marine x2  
  69  35:48  Marine x3  
  78  35:51  Marine x2  
  80  36:01  Marine  
  80  36:02  Marine x3  
  84  36:04  Marine x2  
  84  36:06  Marine x3  
  84  36:09  Marine x2  
  91  36:19  Marine  
  92  36:40  Marine x4  
Tags
 
Add a new tag
Caveats
  • Supply blocks, unpowered buildings, or Contaminate may cause inaccurate times.
  • Supply counts are checked every 10 seconds.